 Dungeon Crawl Stone Soup version 0.30-a0-879-ga8ba668304 (webtiles) character file.

Game seed: 7706128936421895064

438 jasper the Trooper (level 7, -5/53 HPs)
             Began as a Djinni Venom Mage on Mar 13, 2023.
             Slain by a yak (13 damage)
             ... on level 7 of the Dungeon.
             The game lasted 00:04:20 (1351 turns).

jasper the Trooper (Djinni Venom Mage)              Turns: 1351, Time: 00:04:21

Health: -5/53      AC:  3    Str:  7    XL:     7   Next: 21%
Gold:   90         EV: 12    Int: 19    God:
                   SH:  0    Dex: 13

rFire   + + .      SeeInvis .    i - staff of poison
rCold   x . .      Faith    .    (no shield)
rNeg    . . .      Spirit   .    a - +0 robe
rPois   ∞          Reflect  .    e - +0 helmet
rElec   .          Rampage  .    (no cloak)
rCorr   .                        (no gloves)
Will    .....                    (boots unavailable)
Stlth   ++                       (no amulet)
HPRegen 0.28/turn                (no ring)
MPRegen 0.00/turn                (no ring)

@: flying, very slightly contaminated
A: sickness immunity, fire resistance 2, cold vulnerability 1, float, innate
caster, HP casting, extra vitality 1
a: no special abilities


You were on level 7 of the Dungeon.
You visited 1 branch of the dungeon, and saw 7 of its levels.

You collected 90 gold pieces.

Inventory:

Hand Weapons
 f - a +1 dagger
Missiles
 c - 15 poisoned darts
 g - 5 javelins
Armour
 a - a +0 robe (worn)
 e - a +0 helmet (worn)
Magical Staves
 i - a staff of poison (weapon)
Jewellery
 h - a ring of see invisible
Potions
 b - a potion of flight
 d - a potion of cancellation


   Skills:
 + Level 4.7 Fighting
 - Level 2.1 Dodging
 - Level 1.5 Stealth
 + Level 4.4 Spellcasting


You knew the following spells:

 Your Spells              Type           Power      Damage    Failure   Level
a - Sting                 Tmut/Pois      100%       1d8       1%          1
b - Poisonous Vapours     Pois/Air       62%        N/A       3%          2
c - Mephitic Cloud        Conj/Pois/Air  31%        N/A       6%          3
d - Olgreb's Toxic Radia  Pois           31%        N/A       21%         4
e - Necrotise             Necr           84%        1d8       1%          1
f - Lesser Beckoning      Tloc           42%        N/A       3%          2
g - Static Discharge      Conj/Air       42%        2-4/arc   3%          2
Your spell library was empty.

Dungeon Overview and Level Annotations

Branches:
Dungeon (7/15)
 Temple: D:4-7

Altars:

Annotations:
D:4 1 transporter, Maxmaps's ghost, amateur GnHu
D:7 Pikel


Innate Abilities, Weirdness & Mutations

You are immune to sickness and miasma.
You are immune to poison.
Your flesh is very heat resistant. (rF++)
You are vulnerable to cold. (rC-)
You float through the air rather than walking.
You learn spells naturally, not from books.
Your magical power is your life essence.
You have superior vitality. (+4 MHP)


Message History

You feel rather nauseous for a moment. You resist.
The lemure looks more healthy.
The howler monkey hits you but does no damage.
You take 4 damage, and have 43/53 hp.
Casting: Olgreb's Toxic Radiance (quite dangerous; 21% risk of failure)
Confirm with . or Enter, or press ? or * to list all spells.
The spell is quite dangerous to miscast (21% risk of failure)!
Continue anyway?
You feel a surge of power!
You miscast Olgreb's Toxic Radiance.
You feel incredibly sick. You resist. The howler monkey hits you.
The howler monkey hoots and howls with incredible vigour!
The howler monkey closely misses you.
You hear a loud, deep croak!
You take 10 damage, and have 33/53 hp.
Casting: Olgreb's Toxic Radiance (quite dangerous; 21% risk of failure)
Confirm with . or Enter, or press ? or * to list all spells.
The spell is quite dangerous to miscast (21% risk of failure)!
Continue anyway?
You feel a surge of power!
You begin to radiate toxic energy.
The lemure is poisoned. x2; The howler monkey is poisoned. x3
The centaur is poisoned.
The lemure looks even sicker.
The howler monkey looks even sicker.
The yak looks even sicker.
The centaur looks even sicker.
You kill the lemure!
That felt strangely unrewarding.
The howler monkey hits you. x3
You take 15 damage, and have 18/53 hp.
MASSIVE DAMAGE!!
Pikel is poisoned.
The howler monkey looks even sicker.
The yak is poisoned.
The yak looks even sicker.
The centaur hits you. The centaur barely misses you.
The howler monkey closely misses you. The howler monkey barely misses you.
You take 1 damage, and have 17/53 hp.
The howler monkey attacks as you move away!
The howler monkey hits you.
* * * LOW HITPOINT WARNING * * *
You kill the lemure!
That felt strangely unrewarding.
The howler monkey looks even sicker. x2
The yak looks even sicker.
Your toxic aura wanes.
The centaur misses you. The centaur kicks you.
* * * LOW HITPOINT WARNING * * *
The howler monkey hoots and howls with incredible vigour! x2
The yak gores you!
You die...

#. #.######### #####
#..........##.... .
#.......##..... ..
###............# ...
...............#....
#....ch##......#
#...@h..Y.>.#
#....Yh##.###
#.....>##...#
#.......###5##
##..###.###..#### #..
#.........## ........
#K...5.....##
.......#.####............
....... .........Y....###


You could see 2 yaks, a centaur (very poisoned) and 3 howler monkeys.

Vanquished Creatures
  A water moccasin (D:5)
  4 lemures (D:7)
  A kobold brigand (D:6)
  A scorpion (D:5)
  An orc priest (D:6)
  2 hounds
  A jelly (D:5)
  An iguana (D:6)
  An orc wizard (D:6)
  An ufetubus (D:6)
  A dart slug (D:1)
  An orc (D:6)
  3 ball pythons
  A bat (D:2)
  4 endoplasms
  A goblin (D:4)
  2 hobgoblins
  2 quokkas (D:2)
  6 kobolds
  3 rats
38 creatures vanquished.

Notes
Turn   | Place    | Note
-------+----------+-------------------------------------------
     0 | D:1      | jasper the Djinni Venom Mage began the quest for the Orb.
     0 | D:1      | jasper set off with the following spells memorised: Sting,
                  | Poisonous Vapours, Mephitic Cloud, Olgreb's Toxic Radiance.
     0 | D:1      | Reached XP level 1. HP: 15/15 MP: 0/0
    98 | D:1      | Reached XP level 2. HP: 15/22 MP: 0/0
    99 | D:1      | Reached skill level 1 in Fighting
   421 | D:3      | Reached XP level 3. HP: 25/28 MP: 0/0
   421 | D:3      | Learned a level 1 spell: Necrotise
   421 | D:3      | Reached XP level 4. HP: 29/33 MP: 0/0
   653 | D:4      | Noticed Maxmaps's ghost (amateur GnHu)
   657 | D:4      | Found a transporter.
   667 | D:5      | Entered Level 5 of the Dungeon
   762 | D:5      | Noticed a water moccasin
   778 | D:5      | Killed a water moccasin
   779 | D:5      | Reached XP level 5. HP: 6/40 MP: 0/0
   779 | D:5      | Learned a level 2 spell: Lesser Beckoning
   947 | D:5      | Reached XP level 6. HP: 38/47 MP: 0/0
  1143 | D:6      | Reached XP level 7. HP: 31/53 MP: 0/0
  1143 | D:6      | Learned a level 2 spell: Static Discharge
  1320 | D:7      | Noticed a yak
  1321 | D:7      | Noticed a yak
  1321 | D:7      | Noticed a yak
  1321 | D:7      | Noticed Pikel
  1351 | D:7      | Slain by a yak

Illustrated notes

Levels and vault maps discovered:
D:1:      enne_arrival_octagon_isle, layout_rooms,
          shapermc_ecumenical_altar_petra
D:2:      minmay_diamond_boxcup, layout_rooms, serial_shops, shop, st_stairs_13,
          minmay_pentomino_pile
D:3:      layout_rooms, minitemple, uniq_robin, uniq_natasha
D:4:      layout_rooms, gammafunk_ghost_arena, minmay_misc_feat_encased,
          hangedman_abyss_or_decor_lesser_grid, abandoned_shop,
          uniq_crazy_yiuf_cottage
D:5:      layout_basic, dilly_guarded_unrand_devastator, uniq_blork_the_orc
D:6:      layout_basic, lemuel_flame_loot_1
D:7:      minmay_opposing_rooms, layout_rooms, minmay_temple_entry_glassed_door,
          uniq_menkaure, uniq_pikel

Skill      XL: |  1  2  3  4  5  6 |
---------------+-------------------+-----
Fighting       | 2 3 4 |  4.7
Spellcasting   | 3 4 |  4.4
Dodging        | |  2.1
Stealth        | |  1.5

Action                     |  1- 3 |  4- 6 |  7- 9 || total
---------------------------+-------+-------+-------++-------
  Melee: Dagger            |       |     6 |       ||     6
         Punch             |       |     1 |       ||     1
         Staff             |       |     6 |     1 ||     7
  Throw: Javelin           |     1 |       |       ||     1
   Cast: Sting             |    32 |    15 |       ||    47
         Poisonous Vapours |     3 |     6 |       ||     9
         Necrotise         |       |     6 |       ||     6
         Olgreb's Toxic Ra |       |     2 |     5 ||     7
    Use: Potion            |     3 |       |       ||     3
         Scroll            |       |     5 |       ||     5
 Armour: Robe              |     1 |     3 |     1 ||     5
  Dodge: Dodged            |    21 |    31 |     8 ||    60

Table legend: (Time is in decaauts)
 A = Elapsed time spent in this place.
 B = Non-inter-level travel time spent in this place.
 C = Inter-level travel time spent in this place.
 D = Time resting spent in this place.
 E = Time spent auto-exploring this place.
 F = Levels seen in this place.
 G = Mean time per level.
                   A        B        C        D        E       F      G
               +--------+--------+--------+--------+--------+-----+--------+
         Total |   1350 |   1345 |      5 |    379 |    461 |   7 |  192.9 |
       Dungeon |   1350 |   1345 |      5 |    379 |    461 |   7 |  192.9 |
               +--------+--------+--------+--------+--------+-----+--------+

Top non-repeatable levels by time:
     D:5: 401 daAuts
     D:6: 245 daAuts
     D:2: 218 daAuts
     D:4: 160 daAuts
     D:3: 154 daAuts
     D:1: 132 daAuts
     D:7: 37 daAuts
